Map: Ley Lines

Players

KimChiLoVer - Winner!

  • Race: Terran Terran
  • Spawn Location: 7:00

VOD

Have the link to the VOD?

Description

Time

  • Played on: Aug. 12, 2025, 7:50 p.m.
  • Length: 10:28
Show
View Real Time Build Order
Export as new Build Order

KimChiLoVer Terran - Winner!

Build Orders: Reaper Expand 

Get SALT Encoding   

  12  0:02  SCV  
  12  0:14  SCV  
  12  0:18  Supply Depot  
  12  0:26  SCV  
  12  0:40  SCV  
  12  0:41  Barracks  
  12  0:46  Refinery  
  12  0:52  SCV  
  12  1:04  SCV  
  12  1:16  SCV  
  12  1:28  Orbital Command  
  12  1:29  Reaper  
  12  1:41  Command Center  
  12  1:51  Supply Depot  
  12  1:54  SCV  
  12  2:01  Marine  
  12  2:06  Factory  
  12  2:11  Refinery, SCV  
  12  2:19  Barracks  
  12  2:25  Barracks Reactor  
  12  2:30  Barracks  
  12  2:36  SCV  
  12  2:48  SCV  
  12  2:51  Factory Tech Lab  
  12  2:53  Orbital Command  
  12  3:01  SCV  
  12  3:17  Marine  
  12  3:23  SCV, Command Center  
  12  3:25  SCV  
  12  3:29  Stimpack  
  12  3:33  Marine  
  12  3:35  SCV  
  12  3:42  Factory Reactor, Starport  
  12  3:46  Marine  
  12  3:48  Marine x2  
  12  3:51  SCV  
  12  3:53  SCV  
  12  4:02  Marine  
  12  4:04  SCV, Marine  
  12  4:06  SCV  
  12  4:10  Engineering Bay  
  12  4:12  Engineering Bay  
  12  4:16  Marine x2  
  12  4:18  SCV  
  12  4:21  SCV  
  12  4:29  Refinery, Factory Tech Lab  
  12  4:30  SCV  
  12  4:33  SCV  
  12  4:34  Medivac  
  12  4:36  Medivac  
  12  4:40  Terran Infantry Weapons Level 1  
  12  4:43  Terran Infantry Armor Level 1  
  12  4:47  Orbital Command  
  12  4:49  SCV  
  12  4:50  SCV  
  12  5:00  Siege Tank  
  12  5:01  Marine x2, SCV  
  12  5:02  Marine x2  
  12  5:13  Supply Depot  
  12  5:16  Supply Depot  
  12  5:19  Marine  
  12  5:21  Marine x2  
  12  5:24  Barracks  
  12  5:26  Barracks  
  12  5:30  Armory  
  12  5:33  SCV x2  
  12  5:35  SCV  
  12  5:43  Barracks Tech Lab  
  12  5:45  Siege Tank, SCV  
  12  5:48  Marine x2  
  12  5:53  Supply Depot x2  
  12  5:56  SCV  
  12  5:57  SCV x2  
  12  5:59  Combat Shield  
  12  6:02  Medivac  
  12  6:04  Orbital Command  
  12  6:07  Refinery  
  12  6:15  Barracks Reactor  
  12  6:17  Barracks Tech Lab  
  12  6:18  Siege Tank  
  12  6:20  Marine x4  
  12  6:23  SCV  
  12  6:27  Supply Depot  
  12  6:30  Supply Depot  
  12  6:34  SCV x2  
  12  6:35  SCV  
  12  6:36  Medivac  
  12  6:37  Marine  
  12  6:44  Barracks  
  12  6:47  Barracks  
  12  6:50  Terran Infantry Weapons Level 2  
  12  6:52  Barracks  
  12  6:54  Terran Infantry Armor Level 2  
  12  6:57  Marine x3  
  12  7:01  Marine x2  
  12  7:07  SCV x3  
  12  7:16  Command Center  
  12  7:19  SCV x2  
  12  7:20  Viking  
  12  7:24  Viking  
  12  7:26  Marine  
  12  7:27  Marine  
  12  7:32  Terran Vehicle And Ship Armor Level 1  
  12  7:33  Marauder, Marine  
  12  7:34  Marine  
  12  7:35  Concussive Shells  
  12  7:38  Barracks Reactor, Barracks Tech Lab  
  12  7:39  Barracks Tech Lab  
  12  7:48  Supply Depot  
  12  7:49  Supply Depot  
  12  7:50  SCV  
  12  7:52  SCV x2  
  12  7:57  Starport  
  12  7:58  Viking  
  12  8:06  SCV  
  12  8:10  SCV x2, Viking  
  12  8:15  Supply Depot  
  12  8:17  Supply Depot  
  12  8:19  Marauder x2, Marine x3  
  12  8:20  Marine x5  
  12  8:21  Marine  
  12  8:23  SCV  
  12  8:24  Refinery  
  12  8:26  Refinery  
  12  8:30  Supply Depot  
  12  8:31  Orbital Command  
  12  8:35  Starport Reactor  
  12  8:37  Marine  
  12  8:38  Marauder x2, Marine  
  12  8:39  Marauder  
  12  8:41  Siege Tank, Marauder  
  12  8:44  Medivac  
  12  8:46  Viking  
  12  9:04  Supply Depot  
  12  9:06  Supply Depot  
  12  9:14  Marauder x2, Marine x3  
  12  9:15  Marine x4  
  12  9:17  Orbital Command  
  12  9:19  Command Center  
  12  9:20  SCV x3  
  12  9:30  Marauder x2  
  12  9:32  Marine x2  
  12  9:42  Supply Depot, Marine x2  
  12  9:43  Supply Depot, Marauder x2, Marine  
  12  9:49  SCV x4  
  12  9:54  Marauder x2, Marine  
  12  10:01  Marauder, SCV, Marine  
  12  10:02  Marine  
  12  10:17  Refinery, Command Center  
  12  10:19  Refinery  
Tags
 
Add a new tag
Caveats
  • Supply blocks, unpowered buildings, or Contaminate may cause inaccurate times.
  • Supply counts are checked every 10 seconds.